 Dungeon Crawl Stone Soup version 0.28.0 (webtiles) character file.

Game seed: 3537583646489464411

102 psuckher the Sneak (level 4, 0/44 HPs)
             Began as a Troll Delver on Feb 16, 2022.
             Was an Initiate of Makhleb.
             Slain by an ogre (3 damage)
             ... on level 5 of the Dungeon.
             The game lasted 00:02:07 (516 turns).

psuckher the Sneak (Troll Delver)                    Turns: 516, Time: 00:02:08

Health: 0/44       AC:  4    Str: 22    XL:     4   Next: 50%
Magic:  3/3        EV: 10    Int:  6    God:    Makhleb [......]
Gold:   52         SH:  0    Dex: 11    Spells: 3/3 levels left

rFire   . . .      SeeInvis .     - Unarmed
rCold   . . .      Faith    .   (no shield)
rNeg    . . .      Spirit   .   a - +0 robe
rPois   .          Reflect  .   (helmet restricted)
rElec   .          Harm     .   (no cloak)
rCorr   .          Rampage  .   (gloves unavailable)
Will    .....                   (boots unavailable)
Stlth   ++........              (no amulet)
HPRegen 0.94/turn               (no ring)
MPRegen 0.08/turn               (no ring)

@: no status effects
A: large, unfitting armour, claws 3, regeneration 1, shaggy fur 1, tough skin 1
a: Renounce Religion


You were on level 5 of the Dungeon.
You worshipped Makhleb.
Makhleb was noncommittal.
You visited 1 branch of the dungeon, and saw 1 of its levels.

You collected 52 gold pieces.

Inventory:

Armour
 a - a +0 robe (worn)
Wands
 f - a wand of digging (3)
 i - a wand of iceblast (9)
Scrolls
 b - a scroll of fog
 c - a scroll of magic mapping
 d - a scroll of fear
 g - a scroll of blinking {unknown}
 h - a scroll of identify {unknown}
 j - 2 scrolls of teleportation {unknown}
Potions
 e - a potion of haste


   Skills:
 + Level 2.8 Fighting
 + Level 1.9 Dodging
 + Level 3.5 Stealth
 + Level 2.5 Unarmed Combat


You had 3 spell levels left.
You didn't know any spells.
Your spell library contained the following spells:

 Spells                   Type           Power      Damage    Failure   Level
 Sublimation of Blood     Necr           0%         N/A       58%         2
 Wereblood                Tmut           0%         N/A       58%         2
 Summon Hydra             Summ           0%         N/A       100%        7


Dungeon Overview and Level Annotations

Branches:
Dungeon (5/15)
 Temple: D:4-7

Altars:
Makhleb


Innate Abilities, Weirdness & Mutations

You are too large for most types of armour.
You have claws for hands.
Your natural rate of healing is unusually fast.
You are covered in fur. (AC +1)
You have tough skin. (AC +1)


Message History

There is an open door here.
You see here an iguana corpse.
j - 2 scrolls labelled MAORIH UHAXIUP (gained 1)
You open the door.
Found a spear.
There is an open door here.
You open the door.
There is an open door here.
You open the door.
An ogre comes into view. It is wielding a +0 giant spiked club.
Found a purple potion.
Found a leather armour.
The ogre shouts!
You see here a +0 leather armour.
The ogre hits you with a +0 giant spiked club!
You scratch the ogre.
The ogre is moderately wounded.
The ogre closely misses you.
You barely miss the ogre.
The ogre is lightly wounded.
You completely miss the ogre.
The ogre is lightly wounded.
The ogre barely misses you.
You scratch the ogre.
The ogre is moderately wounded.
The ogre barely misses you.
You barely miss the ogre.
The ogre is moderately wounded.
The ogre barely misses you.
You barely miss the ogre.
The ogre is moderately wounded.
You claw the ogre!
The ogre is heavily wounded.
The ogre hits you with a +0 giant spiked club!!
Ouch! That really hurt!
* * * LOW HITPOINT WARNING * * *
You scratch the ogre.
The ogre is severely wounded.
The ogre hits you with a +0 giant spiked club.
You die...

#...........#.#..............
#..........(#.#..............
#............................ ###
#...........#.....<......†...
#.###...........####.............
#...'............. +.............
#.###..........#####.............
#.# #.#'#.......[...#.....###....
#.# #...##......@#..#............
#.########......O#.##...).....###
#.##......>.....!'..'.........'..
#.##.#...........####.........##.
#......###.......# #.........#..
.........#.......# #.........#..
####..<..#.......# #.........#..
#.....#.......# #.....)...#.>
####.....#..... ###########..


You could see an ogre.

Vanquished Creatures
  A centaur skeleton (D:5)
  An iguana (D:5)
  4 adders (D:5)
  A shadow imp (D:5)
  An adder skeleton (D:5)
8 creatures vanquished.

Notes
Turn   | Place    | Note
-------+----------+-------------------------------------------
     0 | D:5      | psuckher the Troll Delver began the quest for the Orb.
     0 | D:5      | Reached XP level 1. HP: 22/22 MP: 0/0
   116 | D:5      | Reached skill level 3 in Stealth
   116 | D:5      | Reached XP level 2. HP: 20/29 MP: 1/1
   150 | D:5      | Found a burning altar of Makhleb.
   154 | D:5      | Became a worshipper of Makhleb the Destroyer
   245 | D:5      | Reached XP level 3. HP: 36/36 MP: 2/2
   312 | D:5      | Reached XP level 4. HP: 27/44 MP: 3/3
   502 | D:5      | Noticed an ogre
   515 | D:5      | HP: 2/44 [ogre (31)]
   516 | D:5      | Slain by an ogre

Illustrated notes

Levels and vault maps discovered:
D:5:      layout_basic, lemuel_doored_altar, uniq_pikel

Skill      XL: |  1 |
---------------+----+-----
Stealth        | 3 |  3.5
Fighting       | |  2.8
Dodging        | |  1.9
Unarmed Combat | |  2.5

Action                   |  1- 3 |  4- 6 || total
-------------------------+-------+-------++-------
Melee: Unarmed           |    25 |    15 ||    40
       Punch             |     1 |       ||     1
Armor: Robe              |     7 |       ||     7
Dodge: Dodged            |    10 |     9 ||    19
